Bruins vs MapleLeafs

Created - 18 février 2021 at 20:09

Goals
1 2 3 T
Bruins 0 0 2 2
MapleLeafs 3 2 0 5
Shots
1 2 3 T
Bruins 6 4 12 22
MapleLeafs 14 8 8 30

1st period

1. MapleLeafs , Nikita Kucherov 25 (Tyler Johnson 21, Anton Stralman 17) at 0:56
2. MapleLeafs , Chris Tanev 7 (Jason Zucker 16, Dustin Brown 26) at 8:55
3. MapleLeafs , Nikita Kucherov 26 (Pierre-Luc Dubois 13, Joel Edmundson 15) at 12:01

Penalties :
Chris Tanev (TOR) for Hooking (Minor) at 2:51

2nd period

4. MapleLeafs , Dustin Brown 17 (Jason Zucker 17) at 1:29
5. MapleLeafs , Nikita Kucherov 27 (Tyler Johnson 22, Pierre-Luc Dubois 14) at 1:53

Penalties :
No Penalty

3rd period

6. Bruins , Brady Skjei 8 (Tyler Bertuzzi 33, Antoine Roussel 7) at 6:03
7. Bruins , Carl Hagelin 14 (Jonathon Merrill 8, Michael Frolik 19) at 11:47

Penalties :
Kyle Okposo (TOR) for Hooking (Minor) at 3:03, Brady Skjei (BOS) for Slashing (Minor) at 3:49, Cody Ceci (TOR) for Slashing (Minor) at 12:57, Brett Pesce (BOS) for Roughing (Minor) at 19:05

Goalie Stats

Michael Hutchinson (BOS), 12 saves from 16 shots - (0,750), L, 5-12-0, 21:29 minutes
Tristan Jarry (BOS), 13 saves from 14 shots - (0,929), 38:31 minutes
Braden Holtby (TOR), 20 saves from 22 shots - (0,909), W, 19-18-7, 60:00 minutes

Players Stats for Bruins

Player Name              G  A  P  +/- PIM S  H  SB GA TA FO     MP     PP MP  PK MP  
------------------------------------------------------------------------------------
Adam Henrique            0  0  0  -2  0   1  3  0  0  0  10/28  19:11   2:16   0:00 
Alex Iafallo             0  0  0  -2  0   3  1  1  0  0  0/1    19:36   2:39   0:00 
Antoine Roussel          0  1  1   0  0   3  2  0  0  0  0/0    18:44   2:05   0:00 
Brady Skjei              1  0  1  -1  2   1  4  0  0  0  0/0    21:08   2:15   0:35 
Brett Pesce              0  0  0  -1  2   0  0  2  0  0  0/0    20:39   1:55   0:27 
Brian Dumoulin           0  0  0  -1  0   3  2  1  0  0  0/0    15:03   0:33   1:40 
Carl Hagelin             1  0  1  -1  0   3  1  0  0  0  0/0    16:00   0:00   0:28 
Colton White             0  0  0  -2  0   0  0  1  0  0  0/0    18:30   0:00   0:00 
Dylan Gambrell           0  0  0   0  0   0  0  1  0  0  5/7     5:40   0:00   0:28 
Jonathon Merrill         0  1  1   0  0   0  4  3  0  0  0/0    17:26   0:00   0:38 
Jordan Oesterle          0  0  0   0  0   1  1  3  0  0  0/0    19:37   2:49   0:00 
Lukas Vejdemo            0  0  0   0  0   2  1  0  0  0  7/20   18:58   1:20   0:07 
Markus Nutivaara         0  0  0  -1  0   0  0  0  0  0  0/0     7:35   1:55   0:00 
Michael Frolik           0  1  1  -2  0   0  3  1  0  0  3/9    20:43   0:00   1:12 
Radek Faksa              0  0  0   0  0   0  1  0  0  0  2/3     3:05   0:51   0:00 
Tanner Fritz             0  0  0  -1  0   1  0  0  0  0  0/0    21:44   2:39   0:00 
Tyler Bertuzzi           0  1  1   0  0   3  3  1  0  0  0/1    19:01   2:22   0:00 
Vladimir Sobotka         0  0  0  -1  0   1  0  0  0  0  4/8    14:25   0:00   1:05 

Players Stats for MapleLeafs

Player Name              G  A  P  +/- PIM S  H  SB GA TA FO     MP     PP MP  PK MP  
------------------------------------------------------------------------------------
Alex Chiasson            0  0  0   0  0   0  0  0  0  0  0/0     6:06   0:00   1:06 
Anton Stralman           0  1  1   1  0   0  1  0  0  0  0/0    22:58   0:12   1:34 
Chris Tanev              1  0  1   0  2   1  1  0  0  0  0/0    16:11   0:00   1:13 
Cody Ceci                0  0  0   1  2   2  2  1  0  0  0/0    22:28   0:12   1:01 
Dustin Brown             1  1  2   2  0   4  3  0  0  0  1/2    17:11   0:39   0:00 
Jason Zucker             0  2  2   2  0   2  0  0  0  0  1/2    17:57   0:12   0:00 
Jay Beagle               0  0  0  -1  0   2  2  0  0  0  15/22  17:45   0:00   3:03 
Joel Armia               0  0  0  -1  0   2  2  0  0  0  0/1    17:45   0:00   3:03 
Joel Edmundson           0  1  1   2  0   0  0  0  0  0  0/0    19:52   0:00   3:10 
Kyle Okposo              0  0  0   0  2   2  0  1  0  0  0/0     6:27   1:28   0:00 
Matt Duchene             0  0  0   2  0   2  0  0  0  0  12/18  17:11   0:39   0:00 
Michael Del Zotto        0  0  0   2  0   1  1  1  0  0  0/0    21:19   1:28   2:30 
Mike Matheson            0  0  0   0  0   0  2  1  0  0  0/0    15:42   0:00   0:00 
Nikita Kucherov          3  0  3   2  0   6  0  0  0  0  1/1    17:37   1:28   0:00 
Ondrej Palat             0  0  0  -1  0   3  1  0  0  0  0/1    15:36   0:19   0:35 
Pierre-Luc Dubois        0  2  2   2  0   2  1  0  0  0  0/0    18:17   1:01   0:33 
Roope Hintz              0  0  0   0  0   0  0  0  0  0  0/0     0:50   0:00   0:00 
Tyler Johnson            0  2  2   2  0   1  0  0  0  0  16/30  22:48   0:42   1:08 

3 Stars

1 - Nikita Kucherov (TOR)
2 - Dustin Brown (TOR)
3 - Pierre-Luc Dubois (TOR)

Power Play

Bruins - 0 on 3 Attempt(s) - 0,00%
MapleLeafs - 0 on 2 Attempt(s) - 0,00%

Penalty Kill

Bruins - 2 on 2 Attempt(s) - 100,00% - Score 0 goal in Penalty Kill
MapleLeafs - 3 on 3 Attempt(s) - 100,00% - Score 0 goal in Penalty Kill

Team Stat

Bruins - Hits : 26 - Faceoff Wins : 31 - Blocked Shots : 14 - Penalty Minutes : 4
MapleLeafs - Hits : 16 - Faceoff Wins : 46 - Blocked Shots : 4 - Penalty Minutes : 6

Official

Referees : Ian Walsh and Ryan Hersey
Linesman : Kelsey Mahoney and Luke Murray

Game Notes

Radek Faksa is injured at 11:23 of 1st period (Bruised Left Foot)
Tristan Jarry enters game at 1:29 of 2nd period
Nikita Kucherov has scored a Hat Trick!

Finance

Level 1 -- Attendance: 5769 (88,75%) -- Ticket Income 698 049 $
Level 2 -- Attendance: 4811 (96,22%) -- Ticket Income 389 691 $
Level 3 -- Attendance: 3297 (94,20%) -- Ticket Income 234 087 $
Level 4 -- Attendance: 1875 (66,51%) -- Ticket Income 114 375 $
Luxury Box -- Attendance: 920 (92,00%) -- Ticket Income 221 720 $
Game was played at the Air Canada Center.
Total Attendance: 16672 (88,59%)
Total Ticket Income: 1 657 922 $
Other Income: 812 382 $
Total Income: 2 470 304 $

% Time on Ice - Bruins

Lines # - Real PCT - Wanted PCT - Time Play
Normal Forward
1 - 31% - 36% - 16:04
2 - 32% - 30% - 16:39
3 - 28% - 24% - 14:28
4 - 10% - 10% - 5:12
Normal Defense
1 - 35% - 36% - 18:18
2 - 31% - 30% - 16:17
3 - 24% - 24% - 12:50
4 - 9% - 10% - 4:58
PP Forward
1 - 44% - 56% - 2:05
2 - 56% - 44% - 2:39
PP Defense
1 - 60% - 56% - 2:49
2 - 40% - 44% - 1:55
PK Forward
1 - 72% - 56% - 1:12
2 - 28% - 44% - 0:28
PK Defense
1 - 42% - 55% - 0:42
2 - 58% - 45% - 0:58
PK3 Forward
1 - 0% - 54%
2 - 0% - 46%
PK3 Defense
1 - 0% - 56%
2 - 0% - 44%
44 Forward
1 - 58% - 54% - 0:42
2 - 42% - 46% - 0:31
44 Defense
1 - 58% - 54% - 0:42
2 - 42% - 46% - 0:31
Last Minute Offensive  - 0:00
Last Minute Defensive  - 0:00
Total
Forward - 60:00
Defense - 60:00

% Time on Ice - MapleLeafs

Lines # - Real PCT - Wanted PCT - Time Play
Normal Forward
1 - 31% - 35% - 16:09
2 - 32% - 32% - 16:32
3 - 28% - 23% - 14:42
4 - 10% - 10% - 5:00
Normal Defense
1 - 38% - 40% - 20:03
2 - 33% - 35% - 17:21
3 - 29% - 25% - 14:59
4 - 0% - 0% - 0:00
PP Forward
1 - 61% - 55% - 1:01
2 - 39% - 45% - 0:39
PP Defense
1 - 12% - 60% - 0:12
2 - 88% - 40% - 1:28
PK Forward
1 - 88% - 60% - 4:09
2 - 12% - 40% - 0:35
PK Defense
1 - 47% - 60% - 2:14
2 - 53% - 40% - 2:30
PK3 Forward
1 - 0% - 60%
2 - 0% - 40%
PK3 Defense
1 - 0% - 60%
2 - 0% - 40%
44 Forward
1 - 100% - 60% - 1:13
2 - 0% - 40% - 0:00
44 Defense
1 - 100% - 50% - 1:13
2 - 0% - 50% - 0:00
Last Minute Offensive  - 0:00
Last Minute Defensive  - 0:00
Total
Forward - 60:00
Defense - 60:00

Play-by-Play

1st period


0:01 of 1st period - Tyler Johnson wins face-off versus Adam Henrique in neutral zone.
0:03 of 1st period - Off-side.
0:04 of 1st period - Matt Duchene wins face-off versus Lukas Vejdemo in neutral zone.
0:34 of 1st period - Shot by Tyler Bertuzzi.
0:34 of 1st period - Shot Misses the Net.
0:36 of 1st period - Shot by Lukas Vejdemo.
0:36 of 1st period - Deflect By Antoine Roussel.
0:36 of 1st period - Shot Misses the Net.
0:38 of 1st period - Shot by Lukas Vejdemo.
0:38 of 1st period - Stopped by Braden Holtby with a rebound.
0:40 of 1st period - Shot by Jordan Oesterle.
0:40 of 1st period - Stopped by Braden Holtby without a rebound.
0:41 of 1st period - Adam Henrique wins face-off versus Tyler Johnson in MapleLeafs zone.
0:44 of 1st period - Shot by Michael Frolik.
0:44 of 1st period - Shot Blocked by Cody Ceci.
0:56 of 1st period - Shot by Nikita Kucherov.
0:56 of 1st period - Goal by Nikita Kucherov - Bruins : 0 - MapleLeafs : 1.
0:57 of 1st period - Jay Beagle wins face-off versus Radek Faksa in neutral zone.
1:01 of 1st period - Chris Tanev is hit by Carl Hagelin and loses puck.
1:16 of 1st period - Shot by Ondrej Palat.
1:16 of 1st period - Shot Misses the Net.
1:18 of 1st period - Shot by Joel Armia.
1:18 of 1st period - Stopped by Michael Hutchinson without a rebound.
1:19 of 1st period - Adam Henrique wins face-off versus Tyler Johnson in Bruins zone.
1:25 of 1st period - Icing by Tyler Johnson.
1:26 of 1st period - Dylan Gambrell wins face-off versus Tyler Johnson in MapleLeafs zone.
1:30 of 1st period - Icing by Cody Ceci.
1:31 of 1st period - Adam Henrique wins face-off versus Tyler Johnson in MapleLeafs zone.
2:36 of 1st period - Ondrej Palat is hit by Radek Faksa and loses puck.
2:51 of 1st period - Minor Penalty to Chris Tanev for Hooking.
2:52 of 1st period - Jay Beagle wins face-off versus Adam Henrique in MapleLeafs zone.
2:52 of 1st period - Jay Beagle is hit by Tyler Bertuzzi.
5:08 of 1st period - Shot by Chris Tanev.
5:08 of 1st period - Shot Blocked by Brian Dumoulin.
5:12 of 1st period - Shot by Jason Zucker.
5:12 of 1st period - Stopped by Michael Hutchinson without a rebound.
5:13 of 1st period - Tyler Johnson wins face-off versus Adam Henrique in Bruins zone.
5:53 of 1st period - Brady Skjei is hit by Chris Tanev and loses puck.
6:05 of 1st period - Icing by Chris Tanev.
6:06 of 1st period - Tyler Johnson wins face-off versus Lukas Vejdemo in MapleLeafs zone.
6:32 of 1st period - Shot by Lukas Vejdemo.
6:32 of 1st period - Shot Blocked by Mike Matheson.
6:34 of 1st period - Shot by Brian Dumoulin.
6:34 of 1st period - Stopped by Braden Holtby without a rebound.
6:35 of 1st period - Radek Faksa wins face-off versus Matt Duchene in MapleLeafs zone.
6:35 of 1st period - Carl Hagelin is hit by Michael Del Zotto.
8:53 of 1st period - Shot by Jason Zucker.
8:53 of 1st period - Shot Misses the Net.
8:55 of 1st period - Shot by Chris Tanev.
8:55 of 1st period - Goal by Chris Tanev - Bruins : 0 - MapleLeafs : 2.
8:56 of 1st period - Adam Henrique wins face-off versus Dustin Brown in neutral zone.
9:27 of 1st period - Alex Iafallo is hit by Cody Ceci and loses puck.
9:35 of 1st period - Icing by Cody Ceci.
9:36 of 1st period - Jason Zucker wins face-off versus Dylan Gambrell in MapleLeafs zone.
9:52 of 1st period - Shot by Colton White.
9:52 of 1st period - Shot Misses the Net.
9:54 of 1st period - Shot by Dylan Gambrell.
9:54 of 1st period - Shot Misses the Net.
10:05 of 1st period - Vladimir Sobotka is hit by Anton Stralman and loses puck.
11:21 of 1st period - Shot by Tyler Johnson.
11:21 of 1st period - Stopped by Michael Hutchinson without a rebound.
11:22 of 1st period - Radek Faksa wins face-off versus Jay Beagle in Bruins zone.
11:22 of 1st period - Radek Faksa is hit by Joel Armia.
11:23 of 1st period - Radek Faksa from Bruins is injured at 11:23 of 1st period (Bruised Left Foot).
11:24 of 1st period - Adam Henrique wins face-off versus Jay Beagle in Bruins zone.
11:47 of 1st period - Shot by Adam Henrique.
11:47 of 1st period - Stopped by Braden Holtby without a rebound.
11:48 of 1st period - Tyler Johnson wins face-off versus Vladimir Sobotka in MapleLeafs zone.
12:01 of 1st period - Shot by Nikita Kucherov.
12:01 of 1st period - Goal by Nikita Kucherov - Bruins : 0 - MapleLeafs : 3.
12:02 of 1st period - Lukas Vejdemo wins face-off versus Jay Beagle in neutral zone.
12:27 of 1st period - Shot by Antoine Roussel.
12:27 of 1st period - Stopped by Braden Holtby with a rebound.
12:48 of 1st period - Brady Skjei is hit by Joel Armia and loses puck.
12:54 of 1st period - Off-side.
12:55 of 1st period - Adam Henrique wins face-off versus Tyler Johnson in neutral zone.
13:22 of 1st period - Shot by Pierre-Luc Dubois.
13:22 of 1st period - Stopped by Michael Hutchinson without a rebound.
13:23 of 1st period - Tyler Johnson wins face-off versus Vladimir Sobotka in Bruins zone.
13:49 of 1st period - Shot by Carl Hagelin.
13:49 of 1st period - Shot Blocked by Kyle Okposo.
13:51 of 1st period - Shot by Carl Hagelin.
13:51 of 1st period - Shot Misses the Net.
13:53 of 1st period - Shot by Brian Dumoulin.
13:53 of 1st period - Stopped by Braden Holtby without a rebound.
13:54 of 1st period - Matt Duchene wins face-off versus Adam Henrique in MapleLeafs zone.
13:54 of 1st period - Matt Duchene is hit by Adam Henrique.
13:59 of 1st period - Joel Edmundson is hit by Michael Frolik.
14:09 of 1st period - Shot by Matt Duchene.
14:09 of 1st period - Shot Misses the Net.
14:21 of 1st period - Shot by Dustin Brown.
14:21 of 1st period - Deflect By Jason Zucker.
14:21 of 1st period - Shot Misses the Net.
14:30 of 1st period - Matt Duchene is hit by Jonathon Merrill and loses puck.
14:49 of 1st period - Shot by Ondrej Palat.
14:49 of 1st period - Stopped by Michael Hutchinson without a rebound.
14:50 of 1st period - Tyler Johnson wins face-off versus Lukas Vejdemo in Bruins zone.
14:59 of 1st period - Shot by Nikita Kucherov.
14:59 of 1st period - Stopped by Michael Hutchinson with a rebound.
15:26 of 1st period - Antoine Roussel is hit by Cody Ceci and loses puck.
16:30 of 1st period - Off-side.
16:31 of 1st period - Matt Duchene wins face-off versus Adam Henrique in neutral zone.
16:58 of 1st period - Shot by Dustin Brown.
16:58 of 1st period - Stopped by Michael Hutchinson without a rebound.
16:59 of 1st period - Jay Beagle wins face-off versus Lukas Vejdemo in Bruins zone.
16:59 of 1st period - Joel Armia is hit by Brady Skjei and loses puck.
17:26 of 1st period - Icing by Tyler Bertuzzi.
17:27 of 1st period - Lukas Vejdemo wins face-off versus Matt Duchene in Bruins zone.
17:43 of 1st period - Shot by Dustin Brown.
17:43 of 1st period - Shot Misses the Net.
17:59 of 1st period - Shot by Jason Zucker.
17:59 of 1st period - Shot Blocked by Michael Frolik.
18:04 of 1st period - Dustin Brown is hit by Jonathon Merrill and loses puck.
18:14 of 1st period - Icing by Jordan Oesterle.
18:15 of 1st period - Jay Beagle wins face-off versus Adam Henrique in Bruins zone.
18:20 of 1st period - Shot by Jay Beagle.
18:20 of 1st period - Stopped by Michael Hutchinson with a rebound.
18:22 of 1st period - Shot by Joel Armia.
18:22 of 1st period - Stopped by Michael Hutchinson with a rebound.
18:24 of 1st period - Shot by Chris Tanev.
18:24 of 1st period - Shot Blocked by Alex Iafallo.
18:37 of 1st period - Off-side.
18:38 of 1st period - Dylan Gambrell wins face-off versus Tyler Johnson in neutral zone.
18:43 of 1st period - Shot by Vladimir Sobotka.
18:43 of 1st period - Shot Misses the Net.
18:49 of 1st period - Shot by Pierre-Luc Dubois.
18:49 of 1st period - Stopped by Michael Hutchinson with a rebound.
18:54 of 1st period - Icing by Colton White.
18:55 of 1st period - Dylan Gambrell wins face-off versus Jay Beagle in Bruins zone.
19:58 of 1st period - Shot by Nikita Kucherov.
19:58 of 1st period - Stopped by Michael Hutchinson without a rebound.
19:59 of 1st period - Matt Duchene wins face-off versus Alex Iafallo in Bruins zone.
Goals for this period are 0 for Bruins vs 3 for MapleLeafs.
Shots for this period are 6 for Bruins vs 14 for MapleLeafs.

2nd period


0:01 of 2nd period - Tyler Johnson wins face-off versus Adam Henrique in neutral zone.
0:06 of 2nd period - Icing by Brett Pesce.
0:07 of 2nd period - Adam Henrique wins face-off versus Tyler Johnson in Bruins zone.
0:16 of 2nd period - Icing by Pierre-Luc Dubois.
0:17 of 2nd period - Tyler Johnson wins face-off versus Michael Frolik in MapleLeafs zone.
0:30 of 2nd period - Shot by Pierre-Luc Dubois.
0:30 of 2nd period - Shot Misses the Net.
0:32 of 2nd period - Shot by Cody Ceci.
0:32 of 2nd period - Stopped by Michael Hutchinson with a rebound.
0:50 of 2nd period - Shot by Nikita Kucherov.
0:50 of 2nd period - Shot Blocked by Jonathon Merrill.
1:03 of 2nd period - Icing by Jonathon Merrill.
1:04 of 2nd period - Matt Duchene wins face-off versus Michael Frolik in Bruins zone.
1:07 of 2nd period - Shot by Matt Duchene.
1:07 of 2nd period - Shot Misses the Net.
1:29 of 2nd period - Shot by Dustin Brown.
1:29 of 2nd period - Goal by Dustin Brown - Bruins : 0 - MapleLeafs : 4.
1:29 of 2nd period - Tristan Jarry enters game.
1:30 of 2nd period - Jay Beagle wins face-off versus Lukas Vejdemo in neutral zone.
1:47 of 2nd period - Shot by Antoine Roussel.
1:47 of 2nd period - Stopped by Braden Holtby without a rebound.
1:48 of 2nd period - Tyler Johnson wins face-off versus Lukas Vejdemo in MapleLeafs zone.
1:53 of 2nd period - Shot by Nikita Kucherov.
1:53 of 2nd period - Goal by Nikita Kucherov - Bruins : 0 - MapleLeafs : 5.
1:54 of 2nd period - Lukas Vejdemo wins face-off versus Tyler Johnson in neutral zone.
2:53 of 2nd period - Shot by Tanner Fritz.
2:53 of 2nd period - Shot Blocked by Michael Del Zotto.
3:27 of 2nd period - Off-side.
3:28 of 2nd period - Matt Duchene wins face-off versus Adam Henrique in neutral zone.
3:49 of 2nd period - Shot by Dustin Brown.
3:49 of 2nd period - Stopped by Tristan Jarry without a rebound.
3:50 of 2nd period - Jay Beagle wins face-off versus Michael Frolik in Bruins zone.
5:43 of 2nd period - Shot by Kyle Okposo.
5:43 of 2nd period - Shot Misses the Net.
5:45 of 2nd period - Shot by Kyle Okposo.
5:45 of 2nd period - Shot Blocked by Jordan Oesterle.
5:47 of 2nd period - Shot by Kyle Okposo.
5:47 of 2nd period - Stopped by Tristan Jarry without a rebound.
5:48 of 2nd period - Jay Beagle wins face-off versus Adam Henrique in Bruins zone.
6:26 of 2nd period - Icing by Brett Pesce.
6:27 of 2nd period - Adam Henrique wins face-off versus Tyler Johnson in Bruins zone.
6:56 of 2nd period - Shot by Antoine Roussel.
6:56 of 2nd period - Stopped by Braden Holtby without a rebound.
6:57 of 2nd period - Vladimir Sobotka wins face-off versus Matt Duchene in MapleLeafs zone.
7:25 of 2nd period - Shot by Vladimir Sobotka.
7:25 of 2nd period - Stopped by Braden Holtby without a rebound.
7:26 of 2nd period - Jay Beagle wins face-off versus Lukas Vejdemo in MapleLeafs zone.
7:26 of 2nd period - Jay Beagle is hit by Tyler Bertuzzi.
7:29 of 2nd period - Michael Del Zotto is hit by Antoine Roussel and loses puck.
7:37 of 2nd period - Ondrej Palat is hit by Brian Dumoulin and loses puck.
8:19 of 2nd period - Brian Dumoulin is hit by Mike Matheson and loses puck.
8:36 of 2nd period - Shot by Pierre-Luc Dubois.
8:36 of 2nd period - Shot Misses the Net.
8:44 of 2nd period - Shot by Nikita Kucherov.
8:44 of 2nd period - Stopped by Tristan Jarry without a rebound.
8:45 of 2nd period - Matt Duchene wins face-off versus Adam Henrique in Bruins zone.
8:54 of 2nd period - Shot by Adam Henrique.
8:54 of 2nd period - Shot Misses the Net.
9:32 of 2nd period - Cody Ceci is hit by Adam Henrique and loses puck.
10:09 of 2nd period - Shot by Vladimir Sobotka.
10:09 of 2nd period - Shot Misses the Net.
10:25 of 2nd period - Shot by Joel Armia.
10:25 of 2nd period - Shot Misses the Net.
10:27 of 2nd period - Shot by Ondrej Palat.
10:27 of 2nd period - Shot Misses the Net.
12:19 of 2nd period - Off-side.
12:20 of 2nd period - Matt Duchene wins face-off versus Lukas Vejdemo in neutral zone.
12:27 of 2nd period - Shot by Matt Duchene.
12:27 of 2nd period - Deflect By Jason Zucker.
12:27 of 2nd period - Shot Misses the Net.
12:29 of 2nd period - Shot by Jason Zucker.
12:29 of 2nd period - Stopped by Tristan Jarry without a rebound.
12:30 of 2nd period - Dylan Gambrell wins face-off versus Tyler Johnson in Bruins zone.
13:15 of 2nd period - Michael Del Zotto is hit by Brady Skjei and loses puck.
13:26 of 2nd period - Chris Tanev is hit by Antoine Roussel and loses puck.
13:33 of 2nd period - Shot by Antoine Roussel.
13:33 of 2nd period - Shot Misses the Net.
13:35 of 2nd period - Shot by Antoine Roussel.
13:35 of 2nd period - Shot Misses the Net.
13:57 of 2nd period - Shot by Matt Duchene.
13:57 of 2nd period - Stopped by Tristan Jarry without a rebound.
13:58 of 2nd period - Jay Beagle wins face-off versus Adam Henrique in Bruins zone.
14:22 of 2nd period - Off-side.
14:23 of 2nd period - Vladimir Sobotka wins face-off versus Tyler Johnson in neutral zone.
14:49 of 2nd period - Shot by Tanner Fritz.
14:49 of 2nd period - Stopped by Braden Holtby without a rebound.
14:50 of 2nd period - Lukas Vejdemo wins face-off versus Matt Duchene in MapleLeafs zone.
16:37 of 2nd period - Chris Tanev is hit by Jonathon Merrill and loses puck.
17:30 of 2nd period - Icing by Brady Skjei.
17:31 of 2nd period - Matt Duchene wins face-off versus Lukas Vejdemo in Bruins zone.
18:03 of 2nd period - Michael Frolik is hit by Dustin Brown and loses puck.
18:31 of 2nd period - Icing by Kyle Okposo.
18:32 of 2nd period - Tyler Johnson wins face-off versus Vladimir Sobotka in MapleLeafs zone.
19:06 of 2nd period - Jonathon Merrill is hit by Ondrej Palat and loses puck.
19:45 of 2nd period - Shot by Alex Iafallo.
19:45 of 2nd period - Shot Misses the Net.
19:52 of 2nd period - Off-side.
19:53 of 2nd period - Matt Duchene wins face-off versus Lukas Vejdemo in neutral zone.
19:53 of 2nd period - Matt Duchene is hit by Lukas Vejdemo.
Goals for this period are 0 for Bruins vs 2 for MapleLeafs.
Shots for this period are 4 for Bruins vs 8 for MapleLeafs.

3rd period


0:01 of 3rd period - Tyler Johnson wins face-off versus Adam Henrique in neutral zone.
0:24 of 3rd period - Shot by Nikita Kucherov.
0:24 of 3rd period - Shot Misses the Net.
0:52 of 3rd period - Michael Del Zotto is hit by Alex Iafallo and loses puck.
1:54 of 3rd period - Icing by Mike Matheson.
1:55 of 3rd period - Jay Beagle wins face-off versus Lukas Vejdemo in MapleLeafs zone.
2:38 of 3rd period - Shot by Pierre-Luc Dubois.
2:38 of 3rd period - Shot Blocked by Jonathon Merrill.
2:40 of 3rd period - Shot by Cody Ceci.
2:40 of 3rd period - Stopped by Tristan Jarry without a rebound.
2:41 of 3rd period - Tyler Johnson wins face-off versus Michael Frolik in Bruins zone.
3:03 of 3rd period - Minor Penalty to Kyle Okposo for Hooking.
3:04 of 3rd period - Jay Beagle wins face-off versus Tyler Bertuzzi in MapleLeafs zone.
3:20 of 3rd period - Shot by Tyler Bertuzzi.
3:20 of 3rd period - Deflect By Alex Iafallo.
3:20 of 3rd period - Stopped by Braden Holtby without a rebound.
3:21 of 3rd period - Jay Beagle wins face-off versus Adam Henrique in MapleLeafs zone.
3:21 of 3rd period - Jay Beagle is hit by Tyler Bertuzzi.
3:30 of 3rd period - Off-side.
3:31 of 3rd period - Jay Beagle wins face-off versus Adam Henrique in neutral zone.
3:40 of 3rd period - Shot by Brady Skjei.
3:40 of 3rd period - Shot Misses the Net.
3:47 of 3rd period - Icing by Adam Henrique.
3:48 of 3rd period - Jay Beagle wins face-off versus Adam Henrique in Bruins zone.
3:48 of 3rd period - Anton Stralman is hit by Brady Skjei and loses puck.
3:49 of 3rd period - Minor Penalty to Brady Skjei for Slashing.
3:50 of 3rd period - Tyler Johnson wins face-off versus Lukas Vejdemo in Bruins zone.
4:15 of 3rd period - Shot by Jason Zucker.
4:15 of 3rd period - Shot Blocked by Colton White.
4:46 of 3rd period - Shot by Alex Iafallo.
4:46 of 3rd period - Stopped by Braden Holtby with a rebound.
5:10 of 3rd period - Vladimir Sobotka is hit by Dustin Brown and loses puck.
5:23 of 3rd period - Shot by Michael Del Zotto.
5:23 of 3rd period - Shot Blocked by Brett Pesce.
5:25 of 3rd period - Shot by Michael Del Zotto.
5:25 of 3rd period - Shot Blocked by Brett Pesce.
5:27 of 3rd period - Shot by Kyle Okposo.
5:27 of 3rd period - Stopped by Tristan Jarry with a rebound.
5:29 of 3rd period - Shot by Michael Del Zotto.
5:29 of 3rd period - Stopped by Tristan Jarry without a rebound.
5:30 of 3rd period - Vladimir Sobotka wins face-off versus Ondrej Palat in Bruins zone.
6:01 of 3rd period - Shot by Tyler Bertuzzi.
6:01 of 3rd period - Shot Misses the Net.
6:03 of 3rd period - Shot by Brady Skjei.
6:03 of 3rd period - Goal by Brady Skjei - Bruins : 1 - MapleLeafs : 5.
6:04 of 3rd period - Adam Henrique wins face-off versus Jason Zucker in neutral zone.
6:07 of 3rd period - Chris Tanev is hit by Adam Henrique and loses puck.
6:14 of 3rd period - Shot by Adam Henrique.
6:14 of 3rd period - Shot Misses the Net.
6:43 of 3rd period - Icing by Carl Hagelin.
6:44 of 3rd period - Adam Henrique wins face-off versus Jay Beagle in Bruins zone.
7:12 of 3rd period - Shot by Antoine Roussel.
7:12 of 3rd period - Deflect By Tyler Bertuzzi.
7:12 of 3rd period - Stopped by Braden Holtby with a rebound.
7:14 of 3rd period - Shot by Lukas Vejdemo.
7:14 of 3rd period - Stopped by Braden Holtby without a rebound.
7:15 of 3rd period - Tyler Johnson wins face-off versus Adam Henrique in MapleLeafs zone.
7:15 of 3rd period - Tyler Johnson is hit by Michael Frolik.
7:45 of 3rd period - Michael Del Zotto is hit by Michael Frolik and loses puck.
8:17 of 3rd period - Jonathon Merrill is hit by Jay Beagle and loses puck.
8:28 of 3rd period - Shot by Joel Armia.
8:28 of 3rd period - Shot Misses the Net.
8:30 of 3rd period - Shot by Jay Beagle.
8:30 of 3rd period - Shot Misses the Net.
8:32 of 3rd period - Shot by Ondrej Palat.
8:32 of 3rd period - Shot Blocked by Jordan Oesterle.
8:34 of 3rd period - Shot by Ondrej Palat.
8:34 of 3rd period - Deflect By Joel Armia.
8:34 of 3rd period - Shot Blocked by Jonathon Merrill.
8:36 of 3rd period - Shot by Joel Armia.
8:36 of 3rd period - Shot Blocked by Jordan Oesterle.
9:17 of 3rd period - Antoine Roussel is hit by Mike Matheson and loses puck.
9:36 of 3rd period - Shot by Tyler Bertuzzi.
9:36 of 3rd period - Stopped by Braden Holtby without a rebound.
9:37 of 3rd period - Vladimir Sobotka wins face-off versus Tyler Johnson in MapleLeafs zone.
10:12 of 3rd period - Shot by Carl Hagelin.
10:12 of 3rd period - Stopped by Braden Holtby without a rebound.
10:13 of 3rd period - Lukas Vejdemo wins face-off versus Jay Beagle in MapleLeafs zone.
10:48 of 3rd period - Shot by Ondrej Palat.
10:48 of 3rd period - Shot Misses the Net.
10:50 of 3rd period - Shot by Jay Beagle.
10:50 of 3rd period - Stopped by Tristan Jarry without a rebound.
10:51 of 3rd period - Matt Duchene wins face-off versus Dylan Gambrell in Bruins zone.
11:09 of 3rd period - Jason Zucker is hit by Brian Dumoulin and loses puck.
11:12 of 3rd period - Shot by Matt Duchene.
11:12 of 3rd period - Shot Blocked by Dylan Gambrell.
11:23 of 3rd period - Shot by Jason Zucker.
11:23 of 3rd period - Deflect By Matt Duchene.
11:23 of 3rd period - Stopped by Tristan Jarry without a rebound.
11:24 of 3rd period - Tyler Johnson wins face-off versus Michael Frolik in Bruins zone.
11:24 of 3rd period - Nikita Kucherov is hit by Jordan Oesterle and loses puck.
11:28 of 3rd period - Icing by Jonathon Merrill.
11:29 of 3rd period - Michael Frolik wins face-off versus Tyler Johnson in Bruins zone.
11:29 of 3rd period - Michael Frolik is hit by Pierre-Luc Dubois.
11:45 of 3rd period - Shot by Jonathon Merrill.
11:45 of 3rd period - Shot Misses the Net.
11:47 of 3rd period - Shot by Carl Hagelin.
11:47 of 3rd period - Goal by Carl Hagelin - Bruins : 2 - MapleLeafs : 5.
11:48 of 3rd period - Dustin Brown wins face-off versus Lukas Vejdemo in neutral zone.
11:54 of 3rd period - Shot by Dustin Brown.
11:54 of 3rd period - Shot Misses the Net.
11:56 of 3rd period - Shot by Joel Edmundson.
11:56 of 3rd period - Shot Blocked by Tyler Bertuzzi.
11:58 of 3rd period - Shot by Dustin Brown.
11:58 of 3rd period - Stopped by Tristan Jarry without a rebound.
11:59 of 3rd period - Lukas Vejdemo wins face-off versus Tyler Johnson in Bruins zone.
12:30 of 3rd period - Shot by Antoine Roussel.
12:30 of 3rd period - Shot Misses the Net.
12:32 of 3rd period - Shot by Tyler Bertuzzi.
12:32 of 3rd period - Shot Misses the Net.
12:34 of 3rd period - Shot by Colton White.
12:34 of 3rd period - Shot Misses the Net.
12:36 of 3rd period - Shot by Lukas Vejdemo.
12:36 of 3rd period - Shot Misses the Net.
12:57 of 3rd period - Minor Penalty to Cody Ceci for Slashing.
12:58 of 3rd period - Jay Beagle wins face-off versus Adam Henrique in MapleLeafs zone.
13:17 of 3rd period - Shot by Alex Iafallo.
13:17 of 3rd period - Shot Misses the Net.
13:19 of 3rd period - Shot by Alex Iafallo.
13:19 of 3rd period - Stopped by Braden Holtby with a rebound.
13:21 of 3rd period - Shot by Adam Henrique.
13:21 of 3rd period - Shot Misses the Net.
13:27 of 3rd period - Shot by Adam Henrique.
13:27 of 3rd period - Shot Misses the Net.
13:29 of 3rd period - Shot by Tanner Fritz.
13:29 of 3rd period - Shot Misses the Net.
13:31 of 3rd period - Shot by Alex Iafallo.
13:31 of 3rd period - Shot Misses the Net.
13:56 of 3rd period - Shot by Tyler Johnson.
13:56 of 3rd period - Shot Misses the Net.
14:06 of 3rd period - Shot by Alex Chiasson.
14:06 of 3rd period - Shot Misses the Net.
15:00 of 3rd period - Icing by Brian Dumoulin.
15:01 of 3rd period - Michael Frolik wins face-off versus Matt Duchene in Bruins zone.
15:14 of 3rd period - Shot by Michael Frolik.
15:14 of 3rd period - Shot Misses the Net.
15:16 of 3rd period - Shot by Brian Dumoulin.
15:16 of 3rd period - Stopped by Braden Holtby with a rebound.
15:18 of 3rd period - Shot by Carl Hagelin.
15:18 of 3rd period - Stopped by Braden Holtby without a rebound.
15:19 of 3rd period - Nikita Kucherov wins face-off versus Michael Frolik in MapleLeafs zone.
15:43 of 3rd period - Shot by Nikita Kucherov.
15:43 of 3rd period - Shot Misses the Net.
15:51 of 3rd period - Shot by Pierre-Luc Dubois.
15:51 of 3rd period - Shot Misses the Net.
16:40 of 3rd period - Icing by Brett Pesce.
16:41 of 3rd period - Lukas Vejdemo wins face-off versus Joel Armia in Bruins zone.
16:48 of 3rd period - Shot by Tyler Bertuzzi.
16:48 of 3rd period - Stopped by Braden Holtby with a rebound.
17:11 of 3rd period - Ondrej Palat is hit by Jonathon Merrill and loses puck.
17:44 of 3rd period - Shot by Pierre-Luc Dubois.
17:44 of 3rd period - Shot Misses the Net.
17:57 of 3rd period - Icing by Jordan Oesterle.
17:58 of 3rd period - Matt Duchene wins face-off versus Adam Henrique in Bruins zone.
18:27 of 3rd period - Off-side.
18:28 of 3rd period - Michael Frolik wins face-off versus Jay Beagle in neutral zone.
18:39 of 3rd period - Brett Pesce is hit by Jay Beagle.
18:48 of 3rd period - Jay Beagle is hit by Brady Skjei and loses puck.
19:01 of 3rd period - Shot by Ondrej Palat.
19:01 of 3rd period - Stopped by Tristan Jarry with a rebound.
19:03 of 3rd period - Shot by Ondrej Palat.
19:03 of 3rd period - Shot Misses the Net.
19:05 of 3rd period - Shot by Jay Beagle.
19:05 of 3rd period - Deflect By Ondrej Palat.
19:05 of 3rd period - Stopped by Tristan Jarry without a rebound.
19:05 of 3rd period - Minor Penalty to Brett Pesce for Roughing.
19:06 of 3rd period - Dylan Gambrell wins face-off versus Matt Duchene in Bruins zone.
19:06 of 3rd period - Dylan Gambrell is hit by Dustin Brown.
19:17 of 3rd period - Off-side.
19:18 of 3rd period - Tyler Johnson wins face-off versus Vladimir Sobotka in neutral zone.
Goals for this period are 2 for Bruins vs 0 for MapleLeafs.
Shots for this period are 12 for Bruins vs 8 for MapleLeafs.